 Dungeon Crawl Stone Soup version 0.23.2-1-ga50397a (webtiles) character file.

Game seed: 12041572678949985876

2221 Fang the Skirmisher (level 9, -1/85 HPs)
             Began as a Gargoyle Berserker on May 31, 2019.
             Was a High Priest of Trog.
             Killed from afar by Blork the orc (9 damage)
             ... with a puff of flame
             ... on level 6 of the Dungeon.
             The game lasted 00:04:56 (6829 turns).

Fang the Skirmisher (Gargoyle Berserker)            Turns: 6829, Time: 00:04:56

Health: -1/85      AC:  9    Str: 28    XL:     9   Next: 35%
Magic:  9/9        EV: 14    Int:  9    God:    Trog [*****.]
Gold:   419        SH:  0    Dex:  9    Spells: 8/8 levels left

rFire    . . .     SeeInvis .   a - +0 war axe
rCold    . . .     Gourm    +   (no shield)
rNeg     + . .     Faith    .   b - +0 animal skin
rPois    ∞         Spirit   .   (no helmet)
rElec    +         Reflect  .   (no cloak)
rCorr    .         Harm     .   (no gloves)
MR       .....                  (no boots)
Stlth    ..........             h - amulet of the gourmand
HPRegen  0.24/turn              (no ring)
MPRegen  0.11/turn              (no ring)

@: berserking (expiring), very quick
A: negative energy resistance 1, electricity resistance, unbreathing,
petrification resistance, rot immunity, AC +6
a: Berserk, Trog's Hand, Brothers in Arms, Renounce Religion


You were on level 6 of the Dungeon.
You worshipped Trog.
Trog was extremely pleased with you.
You were very full.

You visited 1 branch of the dungeon, and saw 6 of its levels.
You also visited: Sewer.

You collected 419 gold pieces.

Inventory:

Hand Weapons
 a - a +0 war axe (weapon)
Armour
 b - a +0 animal skin (worn)
Jewellery
 h - an amulet of the gourmand (around neck)
Wands
 v - a wand of polymorph (7)
Scrolls
 d - 8 scrolls of identify {unknown}
 e - 6 scrolls of remove curse
 f - 2 scrolls of fog {unknown}
 i - 3 scrolls of teleportation {unknown}
 l - 2 scrolls of immolation {unknown}
 m - 3 scrolls of enchant armour {unknown}
 o - a scroll of fear {unknown}
 r - a scroll of blinking {unknown}
 x - a scroll of enchant weapon {unknown}
 y - a scroll of magic mapping {unknown}
Potions
 g - 2 potions of resistance {unknown}
 j - a potion of ambrosia {unknown}
 k - a potion of might {unknown}
 n - 3 potions of flight {unknown}
 p - 3 potions of haste {unknown}
 q - 4 potions of lignification {unknown}
 t - 3 potions of magic {unknown}
 u - 5 potions of curing {unknown}
 w - a potion of agility {unknown}
Comestibles
 c - 8 rations
 s - a chunk of flesh


   Skills:
 + Level 7.4 Fighting
 + Level 6.1 Axes
 + Level 7.0 Armour
 + Level 5.2 Dodging


You had 8 spell levels left.
You didn't know any spells.
Your spell library was empty.

Dungeon Overview and Level Annotations

Branches:
Dungeon (6/15)
 Temple: D:4-7

Altars:
Cheibriados
Dithmenos
Okawaru
Qazlal
Trog
Wu Jian
Xom
Yredelemnul
The Shining One

Annotations:
D:6 Blork the orc


Innate Abilities, Weirdness & Mutations

You are resistant to torment.
Your stone body is resilient. (AC +6)
You are immune to poison.
You resist negative energy. (rN+)
You are resistant to electric shocks. (rElec)
You can survive without breathing.
You are immune to petrification.
You are immune to rotting.


Message History

Found a yellow potion.
Items here: ) [[[ a +0 animal skin x2; a +0 dagger; a +0 robe You hit something.
You hit something. Something completely misses you.
You closely miss something. You miss something. Something hits you.
* * * LOW HITPOINT WARNING * * *
You slash something! You slice the worker ant!!
You kill the worker ant!
Trog accepts your kill.
You hear some strange, mumbled words.
A puff of flame appears from out of thin air!
The puff of flame hits you.
* * * LOW HITPOINT WARNING * * *
You barely miss something.
You hear some strange, mumbled words.
A puff of flame appears from out of thin air!
The puff of flame hits you!
You die...

... #.....# ... .(...##
..> ......
####.##..#.#####
................
.......<........
......†{....#
#......@[#..#
!......†.#..# #+#
#.##.#..)#..#### #.# #
#.........# #.# #
#...##.#### #.#
##.#...##########.####
..................<...#
...................####
.##.#.........####.#


There were no monsters in sight!

Vanquished Creatures
  A hippogriff (D:6)
  Grinder (D:5)
  4 slaves (D:6)
  An ice beast (D:5)
  An ogre (D:4)
  2 centaurs (D:5)
  9 big kobolds
  A bullfrog (D:5)
  4 scorpions
  2 orc wizards
  A hound (D:5)
  A jelly (D:5)
  Jessica (D:3)
  5 worker ants
  A hound skeleton (D:4)
  A worker ant zombie (D:5)
  2 river rats (Sewer)
  12 adders
  6 gnolls
  A howler monkey skeleton (D:5)
  5 oozes (Sewer)
  4 worms (Sewer)
  3 leopard geckos
  12 orcs
  5 giant cockroaches
  8 goblins
  8 hobgoblins
  5 jackals (D:1)
  6 quokkas
  3 ball pythons
  3 bats
  2 frilled lizards
  61 kobolds
  5 rats
187 creatures vanquished.

Vanquished Creatures (others)
  A hound (D:5)
  An orc priest (D:5)
  2 orcs (D:5)
4 creatures vanquished.

Grand Total: 191 creatures vanquished

Notes
Turn   | Place    | Note
-------+----------+-------------------------------------------
     0 | D:1      | Fang the Gargoyle Berserker began the quest for the Orb.
     0 | D:1      | Reached XP level 1. HP: 14/14 MP: 1/1
   217 | D:1      | Reached XP level 2. HP: 19/19 MP: 2/2
   571 | D:1      | Reached XP level 3. HP: 22/23 MP: 3/3
  1333 | D:2      | Reached ** piety under Trog
  1616 | D:2      | Found a basalt altar of Yredelemnul.
  1708 | D:2      | Found a glowing golden altar of the Shining One.
  1710 | D:2      | Noticed an angel
  1843 | D:3      | Reached XP level 4. HP: 8/29 MP: 4/4
  2199 | D:3      | Found a bloodstained altar of Trog.
  2282 | D:3      | Noticed Jessica
  2299 | D:3      | Killed Jessica
  2299 | D:3      | Reached XP level 5. HP: 22/33 MP: 5/5
  2515 | D:3      | Found an iron altar of Okawaru.
  2744 | D:3      | Found a snail-covered altar of Cheibriados.
  3064 | D:4      | Reached XP level 6. HP: 18/39 MP: 6/6
  3232 | D:4      | Reached *** piety under Trog
  3417 | D:4      | Reached skill level 5 in Fighting
  3433 | D:4      | Found a glowing drain.
  3502 | Sewer    | Entered a sewer
  3640 | Sewer    | Reached XP level 7. HP: 44/44 MP: 7/7
  4467 | Sewer    | Reached skill level 5 in Armour
  4588 | Sewer    | Reached **** piety under Trog
  4867 | D:4      | Found an ornate altar of the Wu Jian Council.
  4871 | D:4      | Reached XP level 8. HP: 22/51 MP: 8/8
  4997 | D:4      | Found a stormy altar of Qazlal.
  5000 | D:4      | Found a shadowy altar of Dithmenos.
  5182 | D:5      | Entered Level 5 of the Dungeon
  5388 | D:5      | Noticed Grinder
  5395 | D:5      | Paralysed by Grinder for 7 turns
  5439 | D:5      | Killed Grinder
  5439 | D:5      | Reached skill level 5 in Axes
  5681 | D:5      | Found a shimmering altar of Xom.
  6435 | D:5      | Reached XP level 9. HP: 50/56 MP: 9/9
  6450 | D:5      | Reached skill level 5 in Dodging
  6479 | D:5      | Reached ***** piety under Trog
  6807 | D:6      | Noticed Blork the orc
  6829 | D:6      | Killed from afar by Blork the orc

Skill      XL: |  1  2  3  4  5  6  7  8  9 |
---------------+----------------------------+-----
Axes           | 3 4 5 6 |  6.1
Dodging        | 2 3 4 5 |  5.2
Armour         | 3 4 5 6 7 |  7.0
Fighting       | 4 5 6 7 |  7.4

Action                   |  1- 3 |  4- 6 |  7- 9 || total
-------------------------+-------+-------+-------++-------
Melee: Hand axe          |   104 |   123 |       ||   227
       War axe           |       |    56 |   406 ||   462
Invok: Berserk           |     1 |     1 |     5 ||     7
       Trog's Hand       |       |       |     1 ||     1
  Use: Scroll            |       |     1 |       ||     1
 Stab: Sleeping          |     1 |       |       ||     1
       Distracted        |       |     1 |       ||     1
  Eat: Chunk             |     3 |    15 |    20 ||    38
Armor: Animal skin       |    47 |    69 |   153 ||   269
Dodge: Dodged            |    78 |   119 |   303 ||   500
